 Dungeon Crawl Stone Soup version 0.25-a0-317-g5f8687bca5 (webtiles) character file.

Game seed: 8497645591942446505, levelgen mode: deterministic

317 ANON1729 the Ruffian (level 6, 0/61 HPs)
             Began as a Troll Monk on Dec 27, 2019.
             Slain by a mummy (7 damage)
             ... in an ossuary.
             The game lasted 00:04:20 (2156 turns).

ANON1729 the Ruffian (Troll Monk)                   Turns: 2156, Time: 00:04:20

Health: 0/61       AC:  6    Str: 21    XL:     6   Next: 20%
Magic:  5/5        EV:  9    Int:  6    God:
Gold:   186        SH:  8    Dex: 13    Spells: 5/5 levels left

rFire    . . .     SeeInvis .     - Unarmed
rCold    . . .     Gourm    +   e - +0 shield (curse)
rNeg     . . .     Faith    .   a - +0 robe
rPois    .         Spirit   .   (helmet restricted)
rElec    .         Reflect  .   (no cloak)
rCorr    .         Harm     .   (gloves unavailable)
MR       .....                  (boots unavailable)
Stlth    ++........             (no amulet)
HPRegen  0.60/turn              q - ring of wizardry
MPRegen  0.09/turn              (no ring)

@: no status effects
A: large, unfitting armour, claws 3, fast metabolism 3, gourmand, regeneration
1, shaggy fur 1, tough skin 3
a: no special abilities


You were in an ossuary.
You were very full.

You visited 2 branches of the dungeon, and saw 5 of its levels.
You also visited: Ossuary.

You collected 186 gold pieces.

Inventory:

Armour
 a - a +0 robe (worn)
 e - a cursed +0 shield (worn)
Jewellery
 q - a ring of wizardry (left claw)
Wands
 p - a wand of paralysis (7)
Scrolls
 h - a scroll of noise {unknown}
 i - a scroll of amnesia {unknown}
 k - 4 scrolls of identify {unknown}
 m - a scroll of blinking {unknown}
 r - a scroll of enchant armour {unknown}
Potions
 c - a potion of heal wounds {unknown}
 d - 3 potions of flight {unknown}
 f - a potion of brilliance {unknown}
 g - a potion of degeneration {unknown}
 j - 2 potions of curing {unknown}
 l - a potion of might {unknown}
 n - a potion of cancellation {unknown}
 o - a potion of resistance {unknown}
Comestibles
 b - 8 rations
 s - 4 chunks of flesh


   Skills:
 + Level 3.3 Fighting
 + Level 3.4 Dodging
 + Level 1.9 Stealth
 + Level 1.8 Shields
 + Level 4.1 Unarmed Combat


You had 5 spell levels left.
You didn't know any spells.
Your spell library was empty.

Dungeon Overview and Level Annotations

Branches:
Dungeon (4/15)             Temple (1/1) D:4         Ossuary (1/1)

Altars:
Gozag
Sif Muna
Vehumet


Innate Abilities, Weirdness & Mutations

You are too large for most types of armour.
You have claws for hands.
Your metabolism is lightning-fast.
You like to eat raw meat.
Your natural rate of healing is unusually fast.
You are covered in fur. (AC +1)
You have extremely tough skin. (AC +3)


Message History

The elf zombie is lightly damaged.
The elf zombie hits you but does no damage.
You block the elf zombie's attack.
Your shield prevents you from hitting the elf zombie.
The elf zombie is lightly damaged.
You claw the elf zombie!
The elf zombie is moderately damaged.
You block the elf zombie's attack. x2
You scratch the elf zombie.
The elf zombie is moderately damaged.
The elf zombie barely misses you. The elf zombie hits you!
* * * LOW HITPOINT WARNING * * *
You claw the elf zombie!
The elf zombie is moderately damaged.
The elf zombie hits you.
* * * LOW HITPOINT WARNING * * *
Found 2 silvery potions and a white potion.
Found a sedimented blue potion and 2 orange potions.
The mummy hits you!
You die...

#.....##..............
#.....................
#.....................
#.Z#..................
#Z.##..........∩......
#∩Z##..........∩.....Z
#..##.................
#ZZ#..................
#..Z.@................
#...M.##..............
#.....##..............
#.....................
#.....................
####.......
#!!#.......
#!!+.......


You could see a mummy, a goblin zombie and 2 elf zombies.

Vanquished Creatures
  An elf zombie (Ossuary)
  An orc wizard (D:4)
  2 orc priests
  A mummy (Ossuary)
  Robin (D:3)
  6 adders
  A worm (D:2)
  A dart slug (D:2)
  A leopard gecko (D:2)
  12 orcs
  7 bats
  4 giant cockroaches
  A gnoll zombie (Ossuary)
  11 goblins
  9 hobgoblins
  A quokka (D:2)
  A ball python (D:3)
  2 frilled lizards (D:2)
  A hobgoblin zombie (Ossuary)
  4 kobolds
  2 orc zombies (Ossuary)
  4 rats
74 creatures vanquished.

Vanquished Creatures (others)
  A rat (D:2)
1 creature vanquished.

Grand Total: 75 creatures vanquished

Notes
Turn   | Place    | Note
-------+----------+-------------------------------------------
     0 | D:1      | ANON1729 the Troll Monk began the quest for the Orb.
     0 | D:1      | Reached XP level 1. HP: 22/22 MP: 0/0
   113 | D:2      | Found a radiant altar of Vehumet.
   128 | D:2      | Reached XP level 2. HP: 27/29 MP: 1/1
   194 | D:2      | Reached XP level 3. HP: 36/36 MP: 2/2
  1105 | D:3      | Reached XP level 4. HP: 44/44 MP: 3/3
  1308 | D:3      | Noticed Robin
  1329 | D:3      | Reached skill level 1 in Shields
  1334 | D:3      | Killed Robin
  1407 | D:3      | Reached XP level 5. HP: 39/53 MP: 4/4
  1755 | D:3      | Found a shimmering blue altar of Sif Muna.
  1988 | D:4      | Found an opulent altar of Gozag.
  2037 | D:4      | Found a staircase to the Ecumenical Temple.
  2047 | D:4      | Reached skill level 4 in Unarmed Combat
  2057 | Temple   | Entered the Ecumenical Temple
  2084 | D:4      | Found a sand-covered staircase.
  2093 | Ossuary  | Entered an ossuary
  2109 | Ossuary  | Reached XP level 6. HP: 41/61 MP: 5/5
  2156 | Ossuary  | Slain by a mummy

Levels and vault maps discovered:
D:1:      minmay_arrival_stone_box, layout_basic, minmay_pentomino_v2
D:2:      layout_loops_ring, fiery_altar_vehumet, first_ration
D:3:      layout_basic, marbit_many_paths, serial_curves, eino_curves_02,
          eino_curves_04, uniq_robin
D:4:      layout_layer_cave, cheibriados_altar_1, grunt_gozag_breadcrumbs,
          minmay_temple_entry_proselytizer, chequers_ossuary_entry_cave
Temple:   minmay_temple_curvy_loop
Ossuary:  ossuary_minmay_tomb_2a

Skill      XL: |  1  2  3  4  5 |
---------------+----------------+-----
Shields        | 1 |  1.8
Fighting       | 3 |  3.3
Dodging        | 3 |  3.4
Unarmed Combat | 4 |  4.1
Stealth        | |  1.9

Action                   |  1- 3 |  4- 6 || total
-------------------------+-------+-------++-------
Melee: Unarmed           |    91 |   146 ||   237
 Stab: Sleeping          |     4 |     1 ||     5
  Eat: Chunk             |     6 |    15 ||    21
       Ration            |     1 |       ||     1
Armor: Robe              |    44 |    86 ||   130
Dodge: Dodged            |    33 |    71 ||   104
Block: Shield            |    32 |    96 ||   128

Table legend:
 A = Non-vault XP
 B = Vault XP
 C = Vault XP percentage of total XP
 D = Non-vault monster count
 E = Vault monster count
 F = Vault count percentage of total count
                 A         B        C        D         E       F
            +---------+---------+-------+---------+---------+-------
      Total |     259 |     195 |  43.0 |      54 |      20 |  27.0
            +---------+---------+-------+---------+---------+-------
        D:1 |       4 |       0 |   0.0 |       2 |       0 |   0.0
        D:2 |      76 |       0 |   0.0 |      22 |       0 |   0.0
        D:3 |     113 |      37 |  24.7 |      24 |      13 |  35.1
        D:4 |      66 |      41 |  38.3 |       6 |       1 |  14.3
    Ossuary |       0 |     117 | 100.0 |       0 |       6 | 100.0
            +---------+---------+-------+---------+---------+-------
